 Dungeon Crawl Stone Soup version 0.29-a0-356-g7bc237e783 (webtiles) character file.

Game seed: 1643955434670558977

58 zeratav the Magician (level 4, -2/33 HPs)
             Began as a Djinni Ice Elementalist on Apr 26, 2022.
             Frozen to death by an endoplasm (6 damage)
             ... on level 2 of the Dungeon.
             The game lasted 00:02:58 (1697 turns).

zeratav the Magician (Djinni Ice Elementalist)      Turns: 1697, Time: 00:02:59

Health: -2/33      AC:  3    Str:  7    XL:     4   Next: 21%
Gold:   52         EV: 12    Int: 19    God:
                   SH:  0    Dex: 13

rFire   + + .      SeeInvis .   c - +0 club {mace}
rCold   x . .      Faith    .   (no shield)
rNeg    . . .      Spirit   .   a - +0 robe
rPois   ∞          Reflect  .   g - +0 helmet
rElec   .          Harm     .   (no cloak)
rCorr   .          Rampage  .   (no gloves)
Will    .....                   (boots unavailable)
Stlth   ++........              (no amulet)
HPRegen 0.11/turn               (no ring)
MPRegen 0.00/turn               (no ring)

@: flying
A: sickness immunity, fire resistance 2, cold vulnerability 1, float, innate
caster, HP casting, extra vitality 1
a: no special abilities


You were on level 2 of the Dungeon.
You visited 1 branch of the dungeon, and saw 2 of its levels.

You collected 52 gold pieces.


Innate Abilities, Weirdness & Mutations

You are immune to sickness and miasma.
You are immune to poison.
Your flesh is very heat resistant. (rF++)
You are vulnerable to cold. (rC-)
You float through the air rather than walking.
You learn spells naturally, not from books.
Your magical power is your life essence.
You have superior vitality. (+4 MHP)


   Skills:
 + Level 2.0 Fighting
 + Level 2.7 Dodging
 - Level 1.5 Stealth
 + Level 3.7 Spellcasting


You couldn't memorise any spells.
You knew the following spells:

 Your Spells              Type           Power      Damage    Failure   Level
a - Freeze                Ice            68%        1d8       3%          1
b - Frozen Ramparts       Ice            34%        1d5       9%          3
c - Ozocubu's Armour      Ice            17%        N/A       9%          3
d - Hailstorm             Conj/Ice       17%        3d6       30%         4
e - Sting                 Tmut/Pois      68%        1d6       3%          1
Your spell library was empty.

Inventory:

Hand Weapons
 c - a +0 club (weapon) {mace}
   (You took it off a kobold on level 1 of the Dungeon)
 o - a +1 dagger of draining {short}
   (You took it off a kobold on level 2 of the Dungeon)
Armour
 a - a +0 robe (worn)
 g - a +0 helmet (worn)
   (You found it on level 1 of the Dungeon)
 n - a +0 leather armour
   (You found it on level 2 of the Dungeon)
Scrolls
 d - 3 scrolls of teleportation {unknown}
 h - a scroll of blinking {unknown}
 i - a scroll of immolation {unknown}
 j - a scroll of noise {unknown}
 l - a scroll of vulnerability {unknown}
 m - a scroll of acquirement {unknown}
Potions
 b - 2 potions of berserk rage {unknown}
 e - a potion of curing {unknown}
 f - a potion of attraction {unknown}
 k - a potion of brilliance {unknown}

Dungeon Overview and Level Annotations

Branches:
Dungeon (2/15)

Altars:

Shops:
D:1

( .##.#
##.###.....## ..
.##.# #..##.......#
# .##.#
#.###.......# ....#
#.# #.......#
....###.# #.......#
....#...# ####....#
....#.#.###..'....#
....#.####.########
....#...###...).@#
....###.# #######J#
....###.# ..#
###.....# ..#
####### P.# P.# ..#
P.#


You could see an endoplasm.


Message History

You kill the kobold!
You now have 28 max hp (+1).
The frozen ramparts melt away as you move.
o - a +1 dagger of draining {short}
Things that are here:
a +0 whip {mace}; a kobold corpse; a kobold corpse HP[+1]
There is an open gate here.
Items here: ( )))) †.
Items here: ( )) †.
b - 2 bubbling white potions (gained 1)
You start resting.
HP[+7]
Your hp is fully restored (28).
There is an open door here.
A kobold comes into view. It is wielding a +0 dagger.
A kobold is nearby!
You can't see any susceptible monsters within range! (Use Z to cast anyway.)
The kobold shouts!
The kobold completely misses you.
You hit the kobold but do no damage. The kobold closely misses you.
The kobold completely misses you.
You hit the kobold. The kobold hits you but does no damage.
You hit the kobold but do no damage. The kobold hits you with a +0 dagger.
HP[-1]
You take 1 damage, and now have 27/28 hp.
You barely miss the kobold. The kobold hits you but does no damage.
The kobold hits you with a +0 dagger.
HP[-2]
You take 2 damage, and now have 25/28 hp.
You hit the kobold but do no damage. The kobold completely misses you.
You closely miss the kobold. The kobold hits you with a +0 dagger.
HP[-2]
You take 2 damage, and now have 23/28 hp.
You hit the kobold but do no damage. The kobold hits you but does no damage.
The kobold barely misses you.
You hit the kobold but do no damage. The kobold hits you with a +0 dagger.
You hit the kobold. The kobold misses you.
You closely miss the kobold. The kobold barely misses you.
You barely miss the kobold. The kobold closely misses you.
The kobold hits you but does no damage.
You freeze the kobold.
You kill the kobold!
HP[-1]
You take 1 damage, and now have 22/28 hp.
You see here a +0 dagger {short}.
You reach down and open the door.
A jelly and 2 endoplasms come into view.
The endoplasm quivers.
HP[+6]
Your hp is fully restored (28).
Casting: Freeze (safe; 3% risk of failure)
Confirm with . or Enter, or press ? or * to list all spells.
The spell is quite dangerous to miscast (11% risk of failure)!
Continue anyway?
Casting: Frozen Ramparts (quite dangerous; 11% risk of failure)
Press: ? - help, Dir - look around, f - activate The walls around you are covered in ice.
The jelly quivers.
HP[-3]
You take 3 damage, and now have 25/28 hp.
The wall freezes the jelly.
You barely miss the jelly.
The wall freezes the jelly.
The jelly misses you.
You hit the jelly.
Your hands burn!
The wall freezes the jelly.
The jelly barely misses you.
HP[-3]
You take 3 damage, and now have 22/28 hp.
You hit the jelly.
Your hands burn!
The endoplasm quivers.
The wall freezes the jelly.
The jelly hits you.
You are splashed with acid!
* * * LOW HITPOINT WARNING * * *
The wall freezes the jelly.
The jelly hits you but does no damage.
The wall freezes the endoplasm.
HP[-14]
You take 14 damage, and now have 8/28 hp.
MASSIVE DAMAGE!! (PAUSE)
You hit the jelly.
Your hands burn!
* * * LOW HITPOINT WARNING * * *
The frozen ramparts melt away.
The jelly barely misses you.
You hit the jelly.
You kill the jelly!
Your Fighting skill increases to level 2!
You have reached level 4!
You feel clever.
HP[+1]
You now have 33 max hp (+5).
You hit the endoplasm but do no damage. The endoplasm freezes you.
You are frozen.
You feel a terrible chill!
* * * LOW HITPOINT WARNING * * *
The endoplasm freezes you.
You are frozen.
* * * LOW HITPOINT WARNING * * *
HP[-5]
You take 5 damage, and now have 4/33 hp.
You barely miss the endoplasm. The endoplasm freezes you.
You are frozen.
You feel a terrible chill!
You die...

Skill      XL: |  1  2  3 |
---------------+----------+-----
Fighting       | 1 2 |  2.0
Dodging        | |  2.7
Stealth        | |  1.5
Spellcasting   | |  3.7

Action                   |  1- 3 |  4- 6 || total
-------------------------+-------+-------++-------
Melee: Club              |    25 |     2 ||    27
 Cast: Freeze            |    28 |       ||    28
       Frozen Ramparts   |     3 |       ||     3
Armor: Robe              |    10 |       ||    10
Dodge: Dodged            |    28 |       ||    28

Levels and vault maps discovered:
D:1:      mrwooster_arrival_statue_2, layout_rooms, serial_shops, shop
D:2:      cheibrodos_fertilizer, layout_basic, serial_shops, shop,
          nicolae_lakefront_shop, hellmonk_ecumenical_altar_blasted

Notes
Turn   | Place    | Note
-------+----------+-------------------------------------------
     0 | D:1      | zeratav the Djinni Ice Elementalist began the quest for the
                  | Orb.
     0 | D:1      | Reached XP level 1. HP: 15/15 MP: 0/0
     0 | D:1      | magus.rc [v1.9.6]
     6 | D:1      | Found Zuetetro's Antique Weapon Shop.
   258 | D:1      | Reached skill level 1 in Fighting
   258 | D:1      | Reached XP level 2. HP: 8/22 MP: 0/0
  1214 | D:2      | Reached XP level 3. HP: 8/27 MP: 0/0
  1214 | D:2      | Learned a level 1 spell: Sting
  1694 | D:2      | HP: 7/28 [acid (1)]
  1696 | D:2      | Reached skill level 2 in Fighting
  1696 | D:2      | Reached XP level 4. HP: 9/33 MP: 0/0
  1697 | D:2      | Frozen to death by an endoplasm

Vanquished Creatures
  A jelly (D:2)
  2 ball pythons (D:1)
  A bat (D:1)
  2 endoplasms
  A giant cockroach (D:1)
  3 hobgoblins (D:1)
  4 jackals (D:1)
  11 kobolds
  A rat (D:1)
26 creatures vanquished.

Vanquished Creatures (others)
  8 toadstools (D:2)
8 creatures vanquished.

Grand Total: 34 creatures vanquished

Table legend:
 A = Non-vault XP
 B = Vault XP
 C = Vault XP percentage of total XP
 D = Non-vault monster count
 E = Vault monster count
 F = Vault count percentage of total count
                 A         B        C        D         E       F
            +---------+---------+-------+---------+---------+-------
      Total |      29 |      55 |  65.5 |      16 |      10 |  38.5
            +---------+---------+-------+---------+---------+-------
        D:1 |      27 |       0 |   0.0 |      15 |       0 |   0.0
        D:2 |       2 |      55 |  96.5 |       1 |      10 |  90.9
            +---------+---------+-------+---------+---------+-------

Illustrated notes

Table legend:
 A = Kills in this place as a percentage of kills in entire the game.
 B = Kills by you in this place as a percentage of kills by you in the entire game.
 C = Kills by friends in this place as a percentage of kills by friends in the entire game.
 D = Other kills in this place as a percentage of other kills in the entire game.
 E = Experience gained in this place as a percentage of experience gained in the entire game.
 F = Experience gained in this place divided by the number of levels of this place that you have seen.
                   A       B       C       D       E      F
               +-------+-------+-------+-------+-------+----------------------
         Total | 100.0 | 100.0 |   N/A |   N/A | 100.0 |  42.0
       Dungeon | 100.0 | 100.0 |   N/A |   N/A | 100.0 |  42.0
               +-------+-------+-------+-------+-------+----------------------

Table legend: (Time is in decaauts)
 A = Elapsed time spent in this place.
 B = Non-inter-level travel time spent in this place.
 C = Inter-level travel time spent in this place.
 D = Time resting spent in this place.
 E = Time spent auto-exploring this place.
 F = Levels seen in this place.
 G = Mean time per level.
                   A        B        C        D        E       F      G
               +--------+--------+--------+--------+--------+-----+--------+
         Total |   1704 |   1652 |     52 |    324 |   1179 |   2 |  852.0 |
       Dungeon |   1704 |   1652 |     52 |    324 |   1179 |   2 |  852.0 |
               +--------+--------+--------+--------+--------+-----+--------+

Top non-repeatable levels by time:
     D:1: 1205 daAuts
     D:2: 498 daAuts
